 Dungeon Crawl Stone Soup version 0.28-a0-1236-gb25a51b929 (webtiles) character file.

Game seed: 3914308373753718540

5106 karrick the Blocker (level 10, 0/76 (82) HPs)
             Began as a Gnoll Fighter on Dec 25, 2021.
             Was an Elder of Okawaru.
             Slain by a komodo dragon (23 damage)
             ... on level 10 of the Dungeon on Dec 26, 2021.
             The game lasted 00:21:47 (11254 turns).

karrick the Blocker (Gnoll Fighter)                Turns: 11254, Time: 00:21:48

HP:   0/76 (82)     AC:  8    Str: 21    XL:     10   Next: 57%
MP:   18/18         EV: 14    Int:  9    God:    Okawaru [****..]
Gold: 51            SH: 11    Dex: 15    Spells: 17/19 levels left

rFire   . . .      SeeInvis .   v - +1 long sword (elec)
rCold   + . .      Faith    .   c - +0 buckler
rNeg    . . .      Spirit   .   g - +3 leather armour
rPois   .          Reflect  +   (no helmet)
rElec   .          Harm     .   y - +0 cloak
rCorr   .          Rampage  .   (no gloves)
Will    .....                   (no boots)
Stlth   +++.......              p - amulet of reflection
HPRegen 0.22/turn               k - +6 ring of strength
MPRegen 0.16/turn               m - ring of protection from cold

@: drained
A: fangs 1, strong nose, distributed training
a: Renounce Religion, Heroism, Finesse


You were on level 10 of the Dungeon.
You worshipped Okawaru.
Okawaru was greatly pleased with you.
You visited 2 branches of the dungeon, and saw 11 of its levels.
You also visited: Ossuary.

You collected 378 gold pieces.
You spent 327 gold pieces at shops.

Inventory:

Hand Weapons
 a - a +0 war axe
 e - a +0 dagger of electrocution
 s - a +0 dagger of venom
 u - a +1 morningstar of venom
 v - a +1 long sword of electrocution (weapon)
 R - a +3 long sword of freezing
Armour
 b - a +0 scale mail
 c - a +0 buckler (worn)
 g - a +3 leather armour (worn)
 y - a +0 cloak (worn)
 S - a +2 pair of gloves of infusion
Jewellery
 k - a +6 ring of strength (left hand)
 m - a ring of protection from cold (right hand)
 p - an amulet of reflection (around neck)
 q - an amulet of faith
 G - a ring of positive energy
 I - a ring of magical power
 L - an amulet of regeneration
 O - a +6 ring of intelligence
 V - a ring of wizardry
Wands
 n - a wand of iceblast (3)
 F - a wand of flame (55)
 K - a wand of polymorph (8)
 N - a wand of digging (5)
 Q - a wand of mindburst (16)
Scrolls
 i - a scroll of summoning {unknown}
 j - 2 scrolls of fog
 r - a scroll of torment
 C - 2 scrolls of amnesia
 D - a scroll of blinking {unknown}
 E - a scroll of immolation {unknown}
 H - 2 scrolls of magic mapping
 P - 2 scrolls of noise
 T - a scroll of silence {unknown}
 U - 2 scrolls of enchant armour {unknown}
 W - a scroll of acquirement {unknown}
Potions
 d - 2 potions of might
 f - a potion of ambrosia {unknown}
 h - 2 potions of mutation {unknown}
 l - 5 potions of brilliance {unknown}
 o - 8 potions of curing
 t - 4 potions of degeneration {unknown}
 w - 3 potions of attraction {unknown}
 x - 2 potions of flight {unknown}
 z - 3 potions of haste {unknown}
 A - 3 potions of invisibility {unknown}
 J - 2 potions of heal wounds
 M - a potion of berserk rage {unknown}


   Skills:
 + Level 8.6 Fighting
 + Level 5.4 Short Blades
 + Level 5.4 Long Blades
 + Level 7.2 Axes
 + Level 5.4 Maces & Flails
 + Level 5.4 Polearms
 + Level 5.4 Staves
 + Level 5.4 Slings
 + Level 5.4 Bows
 + Level 5.4 Crossbows
 + Level 5.4 Throwing
 + Level 8.6 Armour
 + Level 5.4 Dodging
 + Level 5.4 Stealth
 + Level 8.6 Shields
 + Level 5.4 Unarmed Combat
 + Level 5.4 Spellcasting
 + Level 4.4 Conjurations
 + Level 4.4 Hexes
 + Level 4.4 Summonings
 + Level 4.4 Necromancy
 + Level 4.4 Translocations
 + Level 4.4 Transmutations
 + Level 4.4 Fire Magic
 + Level 4.4 Ice Magic
 + Level 4.4 Air Magic
 + Level 4.4 Earth Magic
 + Level 4.4 Poison Magic
 + Level 5.9 Invocations
 + Level 5.4 Evocations


You had 17 spell levels left.
You knew the following spells:

 Your Spells              Type           Power      Damage    Failure   Level
a - Blink                 Tloc           20%        N/A       6%          2

Your spell library contained the following spells:

 Spells                   Type           Power      Damage    Failure   Level
 Magic Dart               Conj           40%        1d5       4%          1
 Gell's Gravitas          Tloc           10%        N/A       12%         3
 Lesser Beckoning         Tloc           10%        N/A       12%         3
 Mephitic Cloud           Conj/Pois/Air  10%        N/A       12%         3
 Teleport Other           Tloc           10%        N/A       12%         3
 Manifold Assault         Tloc           10%        N/A       75%         5
 Summon Small Mammal      Summ           Unusable   N/A       N/A         1
 Call Imp                 Summ           Unusable   N/A       N/A         2
 Call Canine Familiar     Summ           Unusable   N/A       N/A         3
 Summon Guardian Golem    Hex/Summ       Unusable   N/A       N/A         3

Dungeon Overview and Level Annotations

Branches:
Dungeon (10/15)            Temple (1/1) D:4         Ossuary (visited)
   Lair: D:8-11         Orc: D:9-12

Altars:
Ashenzari
Cheibriados
Dithmenos
Elyvilon
Fedhas
Gozag
Hepliaklqana
Kikubaaqudgha
Makhleb
Nemelex Xobeh
Okawaru
Qazlal
Ru
Sif Muna
Trog
Uskayaw
Vehumet
Wu Jian
Xom
Yredelemnul
Zin
The Shining One
Jiyva

Shops:
D:5 *   D:8 (

Annotations:
D:8 3 runed translucent doors, Clumpoid's ghost, novice GnFi
D:10 Nergalle


Innate Abilities, Weirdness & Mutations

You have very sharp teeth.
Your uncanny sense of smell can sniff out nearby items.
Your experience applies equally to all skills.


Message History

You open the door.
Found a potion of heal wounds.
There is an open door here.
J - 2 potions of heal wounds (gained 1)
You open the door.
There is an open door here.
As you open the door, it creaks loudly!
You hear an angry hiss.
A komodo dragon comes into view.
There is an open door here.
The komodo dragon misses you.
You slash the komodo dragon! Your bite misses the komodo dragon.
The komodo dragon is lightly wounded.
The komodo dragon bites you!
You slash the komodo dragon!
The komodo dragon is moderately wounded.
The komodo dragon bites you!
You slash the komodo dragon!
The komodo dragon is heavily wounded.
The komodo dragon completely misses you.
The komodo dragon bites you!!
There is an open door here.
As you read the scroll of teleportation, it crumbles to dust.
You feel strangely unstable.
Your surroundings seem slightly different.
The komodo dragon bites you. The komodo dragon misses you.
There is an open door here.
Aiming: Mindburst
Press: ? - help, Shift-Dir - straight line, f - komodo dragon
Aim: a komodo dragon (heavily wounded, chance to affect: 69%)
The komodo dragon struggles to resist.
The komodo dragon closely misses you.
Aiming: Mindburst
Press: ? - help, Shift-Dir - straight line, f/p - komodo dragon
Aim: a komodo dragon (heavily wounded, chance to affect: 69%)
The komodo dragon's mind is blasted!
The komodo dragon bites you.
Aiming: Mindburst
Press: ? - help, Shift-Dir - straight line, f/p - komodo dragon
Aim: a komodo dragon (almost dead, chance to affect: 69%)
The komodo dragon struggles to resist.
The komodo dragon bites you!!
You die...

........#.'.......#
........#.#.......#
........+.#.......#
..O.....###.......#
........# #.......#
+######## ##'######
#...### ###...#
###@# ∆ ####l## ##
#.....# +.# #.....#
#..###.....#
#...#.....#
#.'.....# ###.....#
#.....#


You could see a komodo dragon.

Vanquished Creatures
  A troll (D:9)
  Prince Ribbit (D:8)
  A hornet (D:7)
  A wyvern (D:9)
  Duvessa (D:7)
  3 orc warriors
  2 black bears
  2 water moccasins
  A sky beast (D:8)
  An ogre (D:4)
  A phantom (D:5)
  6 centaurs
  A kobold brigand (D:6)
  A bullfrog (D:8)
  10 scorpions
  Dowan (D:7)
  5 killer bees (D:9)
  3 wights (D:8)
  4 howler monkeys
  A bullfrog zombie (D:5)
  5 centaur zombies
  4 hounds
  4 jellies
  A bullfrog skeleton (D:7)
  7 orc priests
  2 human zombies (Ossuary)
  3 iguanas
  12 orc wizards
  8 scorpion zombies
  3 mummies (Ossuary)
  A howler monkey skeleton (D:7)
  9 adders
  A shadow imp (D:5)
  A white imp (D:5)
  2 worm zombies (D:7)
  2 worms (D:2)
  2 dart slugs
  36 orcs
  3 endoplasms
  5 giant cockroaches
  2 gnoll zombies (Ossuary)
  5 goblins
  7 hobgoblins
  2 quokkas (D:3)
  6 ball pythons
  8 bats
  11 frilled lizards
  2 goblin zombies (Ossuary)
  2 hobgoblin zombies (Ossuary)
  10 kobolds
  2 kobold zombies (Ossuary)
  An orc zombie (Ossuary)
  5 rats
221 creatures vanquished.

Vanquished Creatures (others)
  3 plants (D:4)
3 creatures vanquished.

Grand Total: 224 creatures vanquished

Notes
Turn   | Place    | Note
-------+----------+-------------------------------------------
     0 | D:1      | karrick the Gnoll Fighter began the quest for the Orb.
     0 | D:1      | Reached XP level 1. HP: 23/23 MP: 1/1
   120 | D:1      | Reached XP level 2. HP: 29/29 MP: 2/2
   811 | D:2      | Reached XP level 3. HP: 16/34 MP: 3/3
   847 | D:2      | Found a bloodstained altar of Trog.
  1115 | D:3      | Reached skill level 1 in Invocations
  1220 | D:3      | Found an opulent altar of Gozag.
  1278 | D:3      | Reached skill level 1 in Short Blades
  1278 | D:3      | Reached skill level 1 in Long Blades
  1278 | D:3      | Reached skill level 1 in Maces & Flails
  1278 | D:3      | Reached skill level 1 in Polearms
  1278 | D:3      | Reached skill level 1 in Staves
  1278 | D:3      | Reached skill level 1 in Slings
  1278 | D:3      | Reached skill level 1 in Bows
  1278 | D:3      | Reached skill level 1 in Crossbows
  1278 | D:3      | Reached skill level 1 in Throwing
  1278 | D:3      | Reached skill level 1 in Dodging
  1278 | D:3      | Reached skill level 1 in Stealth
  1278 | D:3      | Reached skill level 1 in Unarmed Combat
  1278 | D:3      | Reached skill level 1 in Spellcasting
  1278 | D:3      | Reached skill level 1 in Evocations
  1444 | D:3      | Reached XP level 4. HP: 41/41 MP: 5/5
  1743 | D:3      | Found a faded altar of an unknown god.
  2037 | D:2      | Reached skill level 1 in Conjurations
  2037 | D:2      | Reached skill level 1 in Hexes
  2037 | D:2      | Reached skill level 1 in Summonings
  2037 | D:2      | Reached skill level 1 in Necromancy
  2037 | D:2      | Reached skill level 1 in Translocations
  2037 | D:2      | Reached skill level 1 in Transmutations
  2037 | D:2      | Reached skill level 1 in Fire Magic
  2037 | D:2      | Reached skill level 1 in Ice Magic
  2037 | D:2      | Reached skill level 1 in Air Magic
  2037 | D:2      | Reached skill level 1 in Earth Magic
  2037 | D:2      | Reached skill level 1 in Poison Magic
  2314 | D:2      | Reached XP level 5. HP: 39/47 MP: 6/6
  3050 | D:4      | Noticed an ogre
  3078 | D:4      | Reached XP level 6. HP: 44/53 MP: 8/8
  3206 | D:4      | Reached skill level 5 in Axes
  3302 | D:4      | Found a staircase to the Ecumenical Temple.
  3311 | Temple   | Entered the Ecumenical Temple
  3589 | Temple   | Became a worshipper of Warmaster Okawaru
  3710 | D:4      | Reached XP level 7. HP: 41/59 MP: 10/10
  3741 | D:5      | Entered Level 5 of the Dungeon
  4161 | D:5      | Reached * piety under Okawaru
  4173 | D:5      | Found Feiphaud's Assorted Antiques.
  4412 | D:5      | Reached XP level 8. HP: 59/67 MP: 12/12
  5074 | D:4      | Reached ** piety under Okawaru
  5643 | D:6      | You fall into a shaft and drop 1 floor!
  5680 | D:7      | Found a sand-covered staircase.
  5710 | Ossuary  | Entered an ossuary
  5989 | Ossuary  | Reached XP level 9. HP: 31/72 MP: 14/14
  6291 | Ossuary  | Reached *** piety under Okawaru
  6592 | D:7      | Noticed a hornet
  6607 | D:7      | Paralysed by a hornet for 1 turns
  6609 | D:7      | Killed a hornet
  6742 | D:7      | Noticed Dowan
  6747 | D:7      | Noticed Duvessa
  6758 | D:7      | Killed Duvessa
  6761 | D:7      | Killed Dowan
  7736 | D:7      | Reached skill level 5 in Invocations
  8430 | D:8      | Reached **** piety under Okawaru
  8431 | D:8      | Reached XP level 10. HP: 66/80 MP: 17/17
  9031 | D:8      | Noticed Prince Ribbit
  9051 | D:8      | Killed Prince Ribbit
  9052 | D:8      | Reached skill level 5 in Short Blades
  9052 | D:8      | Reached skill level 5 in Long Blades
  9052 | D:8      | Reached skill level 5 in Maces & Flails
  9052 | D:8      | Reached skill level 5 in Polearms
  9052 | D:8      | Reached skill level 5 in Staves
  9052 | D:8      | Reached skill level 5 in Slings
  9052 | D:8      | Reached skill level 5 in Bows
  9052 | D:8      | Reached skill level 5 in Crossbows
  9052 | D:8      | Reached skill level 5 in Throwing
  9052 | D:8      | Reached skill level 5 in Dodging
  9052 | D:8      | Reached skill level 5 in Stealth
  9052 | D:8      | Reached skill level 5 in Unarmed Combat
  9052 | D:8      | Reached skill level 5 in Spellcasting
  9052 | D:8      | Reached skill level 5 in Evocations
  9073 | D:8      | Found Ragg's Weapon Emporium.
  9123 | D:8      | Found a runed translucent gate.
  9123 | D:8      | Found a runed translucent gate.
  9124 | D:8      | Found a runed translucent gate.
  9126 | D:8      | Noticed Clumpoid's ghost (novice GnFi)
  9130 | D:8      | Found a viscous altar of Jiyva.
  9479 | D:5      | Bought a pair of embroidered gloves for 217 gold pieces
  9479 | D:5      | Bought a scroll labelled HAPTEUF RIGUDD for 29 gold pieces
  9479 | D:5      | Bought a scroll labelled ENYFAA QESA for 29 gold pieces
  9479 | D:5      | Bought a fizzy pink potion for 26 gold pieces
  9479 | D:5      | Bought an emerald potion for 26 gold pieces
  9819 | D:9      | Received a gift from Okawaru
 10353 | D:9      | Reached ***** piety under Okawaru
 10655 | D:9      | Learned a level 2 spell: Blink
 10691 | D:9      | Received a gift from Okawaru
 10746 | D:9      | Noticed a boulder beetle
 10746 | D:9      | Noticed a centaur warrior
 10746 | D:9      | Noticed a wizard
 10746 | D:9      | Noticed a cyclops
 10793 | D:10     | Entered Level 10 of the Dungeon
 10908 | D:10     | Noticed Nergalle
 10930 | D:10     | Noticed a two-headed ogre
 11254 | D:10     | Slain by a komodo dragon

Illustrated notes

Levels and vault maps discovered:
D:1:      lemuel_arrival_room, layout_basic, minmay_misc_feat_iff
D:2:      layout_basic, basic_altar
D:3:      minmay_skewed_foursquare, layout_basic,
          mainiacjoe_overflow_concentric_impassable,
          shapermc_ecumenical_altar_petra, minmay_misc_feat_more_columns,
          minmay_misc_feat_diagonals
D:4:      layout_basic, minmay_temple_entry_gardened_gates
D:5:      layout_basic, serial_shops, nicolae_shop_stone
D:6:      layout_loops_ring
D:7:      layout_basic, enter_ossuary_3, kennysheep_flooded_box,
          chequers_decorated_corner, uniq_duvessa
D:8:      layout_loops_ring, gammafunk_ghost_ooze, serial_shops,
          nicolae_shop_hallway_plus, uniq_prince_ribbit1
D:9:      minmay_shrinking_squares, layout_basic, minmay_fractal_squares_5
D:10:     layout_roguey, chequers_serial_rivers_micro_a, interstate_on_off,
          uniq_psyche, uniq_harold, uniq_nergalle, uniq_josephine
Temple:   nicolae_temple_the_god_donut

Skill      XL: |  1  2  3  4  5  6  7  8  9 10 |
---------------+-------------------------------+-----
Invocations    | 1 2 3 4 5 |  5.9
Short Blades   | 1 2 3 4 5 |  5.4
Long Blades    | 1 2 3 4 5 |  5.4
Maces & Flails | 1 2 3 4 5 |  5.4
Polearms       | 1 2 3 4 5 |  5.4
Staves         | 1 2 3 4 5 |  5.4
Slings         | 1 2 3 4 5 |  5.4
Bows           | 1 2 3 4 5 |  5.4
Crossbows      | 1 2 3 4 5 |  5.4
Throwing       | 1 2 3 4 5 |  5.4
Dodging        | 1 2 3 4 5 |  5.4
Stealth        | 1 2 3 4 5 |  5.4
Unarmed Combat | 1 2 3 4 5 |  5.4
Spellcasting   | 1 2 3 4 5 |  5.4
Evocations     | 1 2 3 4 5 |  5.4
Conjurations   | 1 2 3 4 |  4.4
Hexes          | 1 2 3 4 |  4.4
Summonings     | 1 2 3 4 |  4.4
Necromancy     | 1 2 3 4 |  4.4
Translocations | 1 2 3 4 |  4.4
Transmutations | 1 2 3 4 |  4.4
Fire Magic     | 1 2 3 4 |  4.4
Ice Magic      | 1 2 3 4 |  4.4
Air Magic      | 1 2 3 4 |  4.4
Earth Magic    | 1 2 3 4 |  4.4
Poison Magic   | 1 2 3 4 |  4.4
Axes           | 5 6 7 |  7.2
Fighting       | 7 8 |  8.6
Armour         | 7 8 |  8.6
Shields        | 7 8 |  8.6

Action                   |  1- 3 |  4- 6 |  7- 9 | 10-12 || total
-------------------------+-------+-------+-------+-------++-------
Melee: War axe           |    10 |       |       |       ||    10
       Dagger            |   101 |   183 |    30 |       ||   314
       Bite              |     9 |    18 |    50 |    16 ||    93
       Long sword        |       |       |   378 |   125 ||   503
       Morningstar       |       |       |     6 |    12 ||    18
 Cast: Blink             |       |       |       |     1 ||     1
Invok: Heroism           |       |       |     3 |     5 ||     8
Evoke: Wand              |       |       |       |     3 ||     3
  Use: Scroll            |       |       |     3 |     7 ||    10
       Potion            |       |       |     1 |     1 ||     2
 Stab: Sleeping          |       |     1 |     9 |     5 ||    15
       Distracted        |       |       |     1 |       ||     1
Armor: Scale mail        |    24 |       |       |       ||    24
       Leather armour    |    14 |    44 |   122 |    42 ||   222
Dodge: Dodged            |    42 |    72 |   168 |    77 ||   359
Block: Buckler           |    26 |    74 |   227 |   107 ||   434
       Reflection        |       |     1 |     3 |     5 ||     9

Table legend: (Time is in decaauts)
 A = Elapsed time spent in this place.
 B = Non-inter-level travel time spent in this place.
 C = Inter-level travel time spent in this place.
 D = Time resting spent in this place.
 E = Time spent auto-exploring this place.
 F = Levels seen in this place.
 G = Mean time per level.
                   A        B        C        D        E       F      G
               +--------+--------+--------+--------+--------+-----+--------+
         Total |  11328 |  10709 |    619 |    508 |   7895 |  12 |  944.0 |
       Dungeon |  10204 |   9596 |    608 |    508 |   7202 |  10 | 1020.4 |
        Temple |    290 |    279 |     11 |      0 |    250 |   1 |  290.0 |
       Ossuary |    832 |    832 |      0 |      0 |    443 |   1 |  832.0 |
               +--------+--------+--------+--------+--------+-----+--------+

Top non-repeatable levels by time:
     D:7: 1341 daAuts
     D:5: 1281 daAuts
     D:9: 1223 daAuts
     D:4: 1221 daAuts
     D:3: 1129 daAuts
     D:8: 1025 daAuts
     D:2: 883 daAuts
     D:6: 838 daAuts
 Ossuary: 832 daAuts
     D:1: 802 daAuts
    D:10: 459 daAuts
  Temple: 290 daAuts
